 Dungeon Crawl Stone Soup version 0.31-a0-4-gefa6de2278 (webtiles) character file.

Game seed: 10626645101918365651

179 Adrian566 the Trooper (level 5, -2/42 HPs)
             Began as a Human Fighter on May 3, 2023.
             Slain by a scorpion (4 damage)
             ... on level 3 of the Dungeon.
             The game lasted 00:02:46 (2374 turns).

Adrian566 the Trooper (Human Fighter)               Turns: 2374, Time: 00:02:47

Health: -2/42      AC:  5    Str: 16    XL:     5   Next: 90%
Magic:  5/5        EV: 11    Int: 14    God:
Gold:   133        SH:  5    Dex: 17    Spells: 4/4 levels left

rFire   . . .        a - +0 long sword
rCold   + . .        c - +0 buckler
rNeg    . . .        r - +1 leather armour "Musamn" {rC+ Will+ Dex+2}
rPois   .            (no helmet)
rElec   .            (no cloak)
rCorr   .            s - +0 pair of gloves
SInv    +            (no boots)
Will    +....        (no amulet)
Stlth   +            g - +6 ring of intelligence
HPRegen 0.27/turn    h - ring of see invisible
MPRegen 0.09/turn

%: no passive effects
@: mighty
A: no striking features
a: no special abilities


You were on level 3 of the Dungeon.
You visited 1 branch of the dungeon, and saw 3 of its levels.

You collected 133 gold pieces.

Inventory:

Hand Weapons
 a - a +0 long sword (weapon)
Armour
 c - a +0 buckler (worn)
 r - the +1 leather armour "Musamn" (worn) {rC+ Will+ Dex+2}
   (You found it on level 2 of the Dungeon)

   Dex:       It affects your dexterity (+2).
   rC:        It protects you from cold.
   Will:      It increases your willpower.
 s - a +0 pair of gloves (worn)
Jewellery
 g - a +6 ring of intelligence (left hand)
 h - a ring of see invisible (right hand)
Scrolls
 j - 2 scrolls of poison
 l - a scroll of teleportation {unknown}
 n - a scroll of noise {unknown}
 o - a scroll of silence {unknown}
 p - a scroll of amnesia {unknown}
Potions
 d - a potion of might
 k - 2 potions of brilliance {unknown}
 m - a potion of resistance {unknown}
 q - 2 potions of berserk rage {unknown}


   Skills:
 + Level 3.9 Fighting
 + Level 3.6 Long Blades
 + Level 3.7 Armour
 + Level 1.4 Dodging
 + Level 0.2 Stealth
 + Level 3.4 Shields


You had 4 spell levels left.
You didn't know any spells.
Your spell library was empty.

Dungeon Overview and Level Annotations

Branches:
Dungeon (3/15)

Altars:


Message History

You feel very sick. The jackal bites you. The scorpion stings you.
* * * LOW HITPOINT WARNING * * *
The jackal closely misses you. The scorpion closely misses you.
Unknown command.
You closely miss the scorpion.
The scorpion is severely wounded.
* * * LOW HITPOINT WARNING * * *
You feel very sick.
The jackal bites you but does no damage.
You block the scorpion's attack. You block the jackal's attack.
You closely miss the scorpion.
The scorpion is severely wounded.
* * * LOW HITPOINT WARNING * * *
You feel sick. The scorpion stings you.
* * * LOW HITPOINT WARNING * * *
You are more poisoned.
The scorpion poisons you! You block the jackal's attack.
You block the scorpion's attack.
The jackal bites you but does no damage.
You feel better. The scorpion stings you.
* * * LOW HITPOINT WARNING * * *
The jackal closely misses you.
You feel very mighty all of a sudden. The jackal barely misses you.
The scorpion barely misses you.
You closely miss the scorpion.
The scorpion is severely wounded.
The jackal bites you.
* * * LOW HITPOINT WARNING * * *
The scorpion stings you.
* * * LOW HITPOINT WARNING * * *
The jackal closely misses you. The scorpion completely misses you.
You barely miss the scorpion.
The scorpion is severely wounded.
The jackal closely misses you. The scorpion completely misses you.
The jackal bites you but does no damage.
You closely miss the scorpion.
The scorpion is severely wounded.
The scorpion stings you.
You die...

#. ...... ###.#
##.....#
##...######
.......##
..........
#.......#
.###.....#
#.......# ##
#.....# #.......#
## #.....#
#hs....#
.###...<.# ##@#
.........# #..#
.........#
####.##
##.......# #....#
...#.....###.####
...#.....##..#
............##
####.##....######
####............#


You could see a scorpion and a jackal.

Vanquished Creatures
  An orc priest (D:3)
  A hound (D:3)
  2 orc wizards (D:3)
  An adder (D:2)
  A worm (D:2)
  A dart slug (D:2)
  4 orcs (D:3)
  5 ball pythons
  5 endoplasms
  2 giant cockroaches
  3 hobgoblins
  4 jackals (D:3)
  5 kobolds
  2 quokkas
  8 bats
  4 frilled lizards
  2 goblins
  2 rats
53 creatures vanquished.

Notes
Turn   | Place    | Note
-------+----------+-------------------------------------------
     0 | D:1      | Adrian566 the Human Fighter began the quest for the Orb.
     0 | D:1      | Reached XP level 1. HP: 18/18 MP: 1/1
   273 | D:1      | Reached XP level 2. HP: 23/24 MP: 2/2
   710 | D:1      | HP: 1/24 [poisoned by a kobold]
  1149 | D:2      | Reached XP level 3. HP: 28/29 MP: 3/3
  1250 | D:2      | Identified the +1 leather armour "Musamn" {rC+ Will+ Dex+2}
  1737 | D:3      | Reached XP level 4. HP: 35/35 MP: 4/4
  2023 | D:3      | Reached XP level 5. HP: 39/42 MP: 5/5
  2025 | D:3      | Reached skill level 1 in Dodging
  2372 | D:3      | HP: 1/42 [scorpion (3)]
  2374 | D:3      | Slain by a scorpion

Illustrated notes

Levels and vault maps discovered:
D:1:      mrwooster_arrival_statue_2, layout_basic, reono_crystal_passage
D:2:      layout_basic, minmay_pentomino_pile
D:3:      layout_rooms, elyvilon_altar_5, minitemple,
          dreamdust_ecumenical_altar_sealed_demon, serial_glass,
          glass_columns_a, glass_columns_b

Skill      XL: |  1  2  3  4  5 |
---------------+----------------+-----
Long Blades    | 3 |  3.6
Dodging        | 1 |  1.4
Fighting       | |  3.9
Armour         | |  3.7
Stealth        | |  0.2
Shields        | |  3.4

Action                     |  1- 3 |  4- 6 || total
---------------------------+-------+-------++-------
  Melee: Long sword        |    78 |    91 ||   169
    Use: Potion            |       |     5 ||     5
         Scroll            |       |     2 ||     2
   Stab: Sleeping          |     1 |       ||     1
 Armour: Scale mail        |    24 |       ||    24
         Leather armour    |     8 |    44 ||    52
         Skin              |       |    29 ||    29
  Dodge: Dodged            |    25 |    71 ||    96
  Block: Buckler           |    16 |    46 ||    62

Table legend: (Time is in decaauts)
 A = Elapsed time spent in this place.
 B = Non-inter-level travel time spent in this place.
 C = Inter-level travel time spent in this place.
 D = Time resting spent in this place.
 E = Time spent auto-exploring this place.
 F = Levels seen in this place.
 G = Mean time per level.
                   A        B        C        D        E       F      G
               +--------+--------+--------+--------+--------+-----+--------+
         Total |   2424 |   2263 |    161 |    253 |   1576 |   3 |  808.0 |
       Dungeon |   2424 |   2263 |    161 |    253 |   1576 |   3 |  808.0 |
               +--------+--------+--------+--------+--------+-----+--------+

Top non-repeatable levels by time:
     D:1: 997 daAuts
     D:2: 761 daAuts
     D:3: 665 daAuts
